AoeStats
← Tu padre

Arena

510036964Analyzed
3v3 RM · 3d ago on Sep 29, 2026· 70m 45s· 6 players
Game mode
Random Map
Map size
Normal (6 player)
Population
200
Speed
Normal
Resources
Standard
Victory
Conquest
Starting age
Dark Age
Ending age
Imperial Age
RankedLock teamsTeams togetherTeam positionsShared explorationLock speedFull tech treeHidden civsTurbo modeCheats
Victory
Defeat
🇧🇷 Burmese · Brazil
903
+10
🇨🇳 Spanish · China
869
+11
🇳🇿 Celts · New Zealand
751
+15
🇲🇽 Bohemians · Mexico
798
-14
🇲🇽 Teutons · Mexico
764
-12
🇲🇽 Bengalis · Mexico
701
-10
yyyyyliber
10:54 Feudal Age
16:21 Castle Age
15:20 Double-Bit Axe
24:44 Bow Saw
24:18 Horse Collar
30:07 Imperial Age
28:22 Padded Archer Armor
28:28 Scale Barding Armor
28:21 Loom
30:37 Leather Archer Armor
30:42 Chain Barding Armor
32:27 Ring Archer Armor
32:31 Thumb Ring
34:19 Two-Man Saw
33:22 Heavy Plow
34:19 Elite Conquistador
45:28 Chemistry
44:25 Murder Holes
55:02 Onager
Avalanche
7:28 Loom
10:21 Feudal Age
11:55 Horse Collar
17:12 Castle Age
21:52 Gambesons
22:33 Man-at-Arms
23:29 Long Swordsman
24:09 Squires
26:49 Arson
33:03 Scale Mail Armor
33:13 Forging
36:41 Imperial Age
36:14 Elite Skirmisher
36:47 Fletching
36:58 Padded Archer Armor
39:11 Wheelbarrow
38:22 Town Watch
44:15 Conscription
44:00 Murder Holes
44:42 Ballistics
45:29 Hand Cart
45:24 Bodkin Arrow
45:37 Scale Barding Armor
48:59 Chemistry
48:07 Gold Mining
48:11 Stone Mining
48:28 Elite Arambai
49:32 Bracer
49:53 Chain Barding Armor
50:09 Iron Casting
49:54 Heavy Plow
51:16 Gold Shaft Mining
51:18 Crop Rotation
54:25 Blast Furnace
53:28 Howdah
62:18 Husbandry
62:29 Bloodlines
61:40 Light Cavalry
66:14 Hussar
Lord Humungus
0:32 Loom
12:53 Feudal Age
14:14 Wheelbarrow
13:24 Horse Collar
13:34 Double-Bit Axe
13:42 Stone Mining
13:44 Gold Mining
25:26 Castle Age
23:40 Forging
23:31 Scale Mail Armor
23:30 Arson
27:48 Hand Cart
27:36 Heavy Plow
28:08 Bow Saw
28:04 Caravan
30:24 Gold Shaft Mining
30:28 Stone Shaft Mining
29:36 Pikeman
30:35 Chain Mail Armor
dragonbanshe1
13:24 Feudal Age
17:12 Castle Age
17:02 Wheelbarrow
16:14 Horse Collar
18:16 Double-Bit Axe
24:07 Chemistry
28:41 Hand Cart
29:29 Bow Saw
30:56 Pikeman
31:37 Squires
32:15 Forging
35:04 Ballistics
34:54 Masonry
42:22 Imperial Age
42:12 Fortified Wall
42:31 Heavy Plow
43:37 Conscription
42:38 Elite Hussite Wagon
44:01 Houfnice
44:33 Capped Ram
46:12 Iron Casting
45:38 Scale Mail Armor
47:39 Elite Skirmisher
48:15 Fletching
48:26 Padded Archer Armor
49:59 Wagenburg Tactics
54:00 Leather Archer Armor
53:40 Bodkin Arrow
Tu padre
0:31 Loom
12:34 Feudal Age
18:25 Double-Bit Axe
22:59 Castle Age
22:25 Man-at-Arms
23:25 Forging
23:16 Scale Mail Armor
25:05 Iron Casting
27:39 Long Swordsman
29:55 Gambesons
30:06 Elite Skirmisher
31:17 Chain Mail Armor
34:55 Bloodlines
38:09 Scale Barding Armor
40:53 Horse Collar
42:04 Heavy Plow
41:59 Stone Mining
42:02 Gold Mining
44:37 Stone Shaft Mining
44:20 Padded Archer Armor
44:11 Fletching
47:22 Imperial Age
45:28 Wheelbarrow
44:39 Town Watch
45:28 Caravan
45:46 Leather Archer Armor
45:27 Bodkin Arrow
48:40 Ring Archer Armor
49:10 Cavalier
55:13 Ballistics
58:45 Paladin
62:38 Chain Barding Armor
64:25 Blast Furnace
el roller
13:19 Loom
15:36 Feudal Age
18:03 Wheelbarrow
17:19 Double-Bit Axe
17:22 Horse Collar
21:24 Castle Age
19:18 Gold Mining
20:34 Arson
25:41 Man-at-Arms
26:35 Padded Archer Armor
27:24 Stone Mining
28:23 Scale Barding Armor
48:00 Hand Cart
49:49 Gold Shaft Mining
50:00 Fortified Wall
50:45 Chain Barding Armor
50:54 Forging
51:56 Masonry
54:19 Iron Casting
54:52 Guard Tower
57:41 Heavy Plow
59:21 Husbandry
60:13 Bloodlines
62:35 Leather Archer Armor
62:47 Ballistics
65:06 Fletching
Connection lost

Rejoining the realm…

Still unreachable

The connection could not be restored.

Session expired

The server has moved on; the page needs a fresh start.